 Dungeon Crawl Stone Soup version 0.28.0 (webtiles) character file.

Game seed: 3863744638182315368

11567 Strat the Cleaver (level 11, -10/107 HPs)
             Began as a Minotaur Gladiator on Feb 12, 2022.
             Was a High Priest of Okawaru.
             Killed by the air
             ... invoked by Gastronok
              (25 damage)
             ... on level 2 of the Lair of Beasts on Feb 13, 2022.
             The game lasted 00:29:27 (5868 turns).

Strat the Cleaver (Minotaur Gladiator)              Turns: 5868, Time: 00:29:28

Health: -10/107    AC: 20    Str: 31    XL:     11   Next: 51%
Magic:  14/15      EV: 11    Int:  5    God:    Okawaru [*****.]
Gold:   1586       SH:  0    Dex: 11    Spells: 10/10 levels left

rFire   + + +      SeeInvis .   a - +1 battleaxe (elec)
rCold   . . .      Faith    .   (shield currently unavailable)
rNeg    . . .      Spirit   .   F - +0 plate armour
rPois   +          Reflect  .   c - +2 hat
rElec   .          Harm     .   (no cloak)
rCorr   +          Rampage  .   (no gloves)
Will    +....                   z - +0 pair of boots of Claustrophobia {rF++ Will+}
Stlth   ..........              (no amulet)
HPRegen 0.27/turn               w - ring of resist corrosion
MPRegen 0.14/turn               B - ring of Rogo {rPois rF+ Str+7}

@: heroic, frozen, studying Fighting, very slow
A: horns 2, retaliatory headbutt
a: Renounce Religion, Heroism, Finesse, Duel


You were on level 2 of the Lair of Beasts.
You worshipped Okawaru.
Okawaru was extremely pleased with you.
You visited 2 branches of the dungeon, and saw 12 of its levels.

You collected 1586 gold pieces.

Inventory:

Hand Weapons
 a - a +1 battleaxe of electrocution (weapon)
 b - a +0 hunting sling
 m - a +5 war axe
 A - a +0 dire flail of protection
Missiles
 d - 4 throwing nets (quivered)
 e - 6 curare-tipped darts
 i - 211 stones
 l - 2 silver javelins
 H - 6 poisoned darts
Armour
 c - a +2 hat (worn)
 z - the +0 pair of boots of Claustrophobia (worn) {rF++ Will+}
   (You acquired it on level 7 of the Dungeon)

   rF:        It greatly protects you from fire.
   Will:      It increases your willpower.
 F - a +0 plate armour (worn)
Jewellery
 q - an amulet of magic regeneration
 r - a ring of protection from fire
 w - a ring of resist corrosion (left hand)
 y - a ring of protection from fire
 B - the ring of Rogo (right hand) {rPois rF+ Str+7}
   (You acquired it on level 10 of the Dungeon)

   [ring of poison resistance]

   Str:       It affects your strength (+7).
   rF:        It protects you from fire.
   rPois:     It protects you from poison.
 J - a ring of positive energy
Wands
 k - a wand of flame (23)
Scrolls
 h - a scroll of identify
 s - 2 scrolls of amnesia
 u - 2 scrolls of enchant weapon
 v - 4 scrolls of teleportation
Potions
 f - 4 potions of haste
 g - a potion of ambrosia
 j - a potion of cancellation
 n - 3 potions of brilliance
 o - 2 potions of flight
 t - a potion of berserk rage
 x - a potion of attraction {unknown}
 D - a potion of might {unknown}
 E - 2 potions of curing {unknown}
 I - a potion of invisibility {unknown}


   Skills:
 + Level 13.0(18.0) Fighting
 - Level 14.0(19.0) Axes
 - Level 2.0(7.0) Throwing
 - Level 10.0(15.0) Armour
 - Level 3.2(8.2) Dodging
 + Level 7.0 Invocations


You had 10 spell levels left.
You didn't know any spells.
Your spell library contained the following spells:

 Spells                   Type           Power      Damage    Failure   Level
 Apportation              Tloc           0%         N/A       95%         1
 Pain                     Necr           0%         1d4       95%         1
 Corpse Rot               Necr/Air       0%         N/A       99%         2
 Ensorcelled Hibernation  Hex/Ice        0%         N/A       99%         2
 Passwall                 Tmut/Erth      0%         N/A       99%         2
 Poisonous Vapours        Pois/Air       0%         N/A       99%         2
 Portal Projectile        Hex/Tloc       0%         N/A       100%        3
 Swiftness                Air            0%         N/A       100%        3
 Vampiric Draining        Necr           0%         2d6       100%        3
 Leda's Liquefaction      Hex/Erth       0%         N/A       100%        4
 Alistair's Intoxication  Tmut/Pois      0%         N/A       100%        5
 Animate Skeleton         Necr           Unusable   N/A       N/A         1
 Call Canine Familiar     Summ           Unusable   N/A       N/A         3

Dungeon Overview and Level Annotations

Branches:
Dungeon (10/15)            Temple (0/1) D:6            Lair (2/6) D:10
  Swamp: Lair:2-4    Shoals: Lair:2-4     Snake: Lair:2-4    Spider: Lair:2-4
    Orc: D:9-12

Altars:
Ashenzari
Cheibriados
Hepliaklqana
Kikubaaqudgha
Makhleb
Okawaru
Vehumet
Yredelemnul
Zin
The Shining One

Shops:
D:8 *   D:10 [

Annotations:
D:3 2 transporters, Ekaitz's ghost, amateur DsFE
D:9 3 runed translucent doors
Lair:2 Gastronok


Innate Abilities, Weirdness & Mutations

You have a pair of horns on your head.
You reflexively headbutt those who attack you in melee.


Message History

Your Invocations skill increases to level 7!
The barbs in your skin will harm you if you move.
Continue? [Y]es or [N]o only, please.
The barbs in your skin will harm you if you move.
Continue?
Okay, then.
You start resting.
You carefully extract the barbed spikes from your body.
A rime drake comes into view.
Unknown command.
As you read the scroll of teleportation, it crumbles to dust.
You feel strangely unstable.
The meliai buzzes angrily.
The rime drake hisses angrily.
You barely miss the rime drake. Your headbutt misses the rime drake.
The rime drake breathes ice at you. The flash freeze hits you!
* * * LOW HITPOINT WARNING * * *
You are encased in ice.
You hit the rime drake but do no damage.
You slice the rime drake!!
The rime drake is severely wounded.
The rime drake closely misses you.
You closely miss the rime drake.
The rime drake is severely wounded.
The rime drake bites you but does no damage.
You completely miss the rime drake.
The rime drake is severely wounded.
You hit the meliai but do no damage. The meliai hits you but does no damage.
The meliai stings you.
* * * LOW HITPOINT WARNING * * *
The rime drake bites you but does no damage.
The meliai hits you but does no damage. The meliai barely misses you.
You closely miss the rime drake. Your headbutt misses the rime drake.
The rime drake is severely wounded.
You closely miss the meliai.
Your surroundings suddenly seem different.
Gastronok the Ponderous comes into view.
He is wearing a +1 hat of stealth.
Gastronok gurgles horribly!
Gastronok waves his eye-stalks in wide circles.
The air twists around and strikes you!!
You die...

#.#....P ##....#P
##....### ###.....# #
#P....### #
##########.....#####
#.###.#.#.#.P.......#PP.
.w......................
.......@................
....................<...
####P####..##....#.#.###
# #####.....#.## .
###...†### # ##[....# #
#.....### ###.....#
##....#


You could see Gastronok.

Vanquished Creatures
  A two-headed ogre (D:9)
  A manticore (Lair:2)
  6 elephants (Lair:2)
  A black mamba (Lair:2)
  2 komodo dragons (Lair:1)
  A merfolk (D:9)
  A polar bear (Lair:2)
  A wraith (D:9)
  19 yaks
  A wyvern (D:8)
  A basilisk (Lair:1)
  Edmund (D:5)
  Menkaure (D:5)
  An acid dragon (D:10)
  A water moccasin (D:9)
  2 orc warriors
  A hornet zombie (D:7)
  2 sky beasts
  2 ice beasts
  3 wolves (Lair:2)
  9 centaurs
  A phantom (D:4)
  Blork the orc (D:5)
  5 bullfrogs
  A scorpion (D:5)
  A wyvern skeleton (D:6)
  A water moccasin zombie (D:4)
  A howler monkey (D:6)
  3 wights (D:3)
  3 centaur zombies
  2 electric eels (D:8)
  2 jellies
  2 orc priests (D:9)
  2 centaur skeletons
  An iron imp (D:3)
  Jessica (D:3)
  Ijyb (D:4)
  5 iguanas
  An orc wizard (D:10)
  A hound zombie (D:5)
  A hound skeleton (D:4)
  4 gnolls (D:5)
  4 adders
  An ufetubus (D:4)
  A dart slug (D:3)
  18 orcs
  9 ball pythons
  4 bats
  3 endoplasms (D:1)
  3 giant cockroaches
  3 goblins
  10 hobgoblins
  9 jackals
  6 kobolds
  3 quokkas
  2 frilled lizards (D:1)
  4 rats
178 creatures vanquished.

Vanquished Creatures (others)
  7 fungi
  3 plants
10 creatures vanquished.

Grand Total: 188 creatures vanquished

Notes
Turn   | Place    | Note
-------+----------+-------------------------------------------
     0 | D:1      | Strat the Minotaur Gladiator began the quest for the Orb.
     0 | D:1      | Reached XP level 1. HP: 18/18 MP: 0/0
    33 | D:1      | Reached skill level 4 in Axes
   197 | D:1      | Reached XP level 2. HP: 25/25 MP: 1/1
   393 | D:1      | Found a faded altar of an unknown god.
   481 | D:2      | Reached skill level 5 in Axes
   488 | D:2      | Reached XP level 3. HP: 28/30 MP: 2/2
   908 | D:3      | Found a snail-covered altar of Cheibriados.
   915 | D:3      | Reached skill level 6 in Axes
   915 | D:3      | Reached XP level 4. HP: 35/37 MP: 3/3
  1009 | D:3      | Found a transporter.
  1018 | D:3      | Found a transporter.
  1021 | D:3      | Noticed Ekaitz's ghost (amateur DsFE)
  1046 | D:3      | Found a burning altar of Makhleb.
  1046 | D:3      | Found an ancient bone altar of Kikubaaqudgha.
  1111 | D:3      | Noticed Jessica
  1117 | D:3      | Killed Jessica
  1249 | D:3      | Reached skill level 7 in Axes
  1249 | D:3      | Reached XP level 5. HP: 33/42 MP: 4/4
  1251 | D:3      | Reached skill level 1 in Armour
  1342 | D:4      | Reached XP level 6. HP: 44/51 MP: 5/5
  1363 | D:4      | Noticed Ijyb
  1367 | D:4      | Killed Ijyb
  1725 | D:5      | Entered Level 5 of the Dungeon
  1725 | D:5      | Noticed Edmund
  1984 | D:5      | Noticed Blork the orc
  1999 | D:5      | Killed Blork the orc
  2000 | D:5      | Reached skill level 8 in Axes
  2000 | D:5      | Reached XP level 7. HP: 43/60 MP: 6/6
  2012 | D:5      | Noticed Menkaure
  2017 | D:5      | Killed Menkaure
  2086 | D:5      | Reached skill level 5 in Fighting
  2259 | D:5      | Found an iron altar of Okawaru.
  2264 | D:5      | Found a broken altar of Ashenzari.
  2278 | D:5      | Became a worshipper of Warmaster Okawaru
  2363 | D:5      | Killed Edmund
  2364 | D:5      | Reached skill level 9 in Axes
  2364 | D:5      | Reached skill level 5 in Armour
  2522 | D:6      | Reached XP level 8. HP: 53/68 MP: 7/7
  2547 | D:6      | Found a staircase to the Ecumenical Temple.
  2565 | D:6      | Reached skill level 10 in Axes
  2697 | D:6      | Reached * piety under Okawaru
  3176 | D:7      | Reached ** piety under Okawaru
  3177 | D:7      | Reached XP level 9. HP: 56/78 MP: 8/8
  3192 | D:7      | Reached skill level 11 in Axes
  3246 | D:7      | Identified a scroll of acquirement
  3246 | D:7      | Acquired the +0 pair of boots of Claustrophobia {rF++
                  | Will+}
  3347 | D:7      | Found a basalt altar of Yredelemnul.
  3472 | D:7      | Identified the +5 long sword of Analysis {holy, +Blink
                  | Str+3}
  3608 | D:8      | Found a radiant altar of Vehumet.
  3632 | D:8      | Reached *** piety under Okawaru
  3696 | D:8      | Reached skill level 12 in Axes
  3748 | D:8      | Found Uroih's General Store.
  3829 | D:8      | Reached XP level 10. HP: 30/91 MP: 9/9
  4051 | D:9      | Noticed a two-headed ogre
  4095 | D:8      | Reached skill level 10 in Fighting
  4099 | D:8      | Reached **** piety under Okawaru
  4100 | D:8      | Reached skill level 13 in Axes
  4103 | D:8      | Received a gift from Okawaru
  4577 | D:9      | Killed a two-headed ogre
  4578 | D:9      | Reached skill level 14 in Axes
  4848 | D:9      | Found a glowing golden altar of the Shining One.
  4962 | D:9      | Found a runed translucent gate.
  4962 | D:9      | Found a runed translucent gate.
  4962 | D:9      | Found a runed translucent gate.
  5027 | D:10     | Entered Level 10 of the Dungeon
  5053 | D:10     | Found a hazy altar of Hepliaklqana.
  5193 | D:10     | Found a snail-covered altar of Cheibriados.
  5196 | D:10     | Found Cheibriados's Comfort Zone.
  5326 | D:10     | Found a glowing silver altar of Zin.
  5337 | D:10     | Found a staircase to the Lair.
  5363 | D:10     | Acquired 1034 gold pieces
  5365 | D:10     | Acquired a manual of Fighting
  5367 | D:10     | Acquired the ring of Rogo {rPois rF+ Str+7}
  5387 | Lair:1   | Entered Level 1 of the Lair of Beasts
  5520 | Lair:1   | Reached XP level 11. HP: 99/99 MP: 13/13
  5536 | Lair:1   | Reached ***** piety under Okawaru
  5537 | Lair:1   | Reached skill level 5 in Invocations
  5697 | Lair:1   | Reached skill level 10 in Armour
  5705 | Lair:1   | Noticed a six-headed hydra
  5868 | Lair:2   | Noticed Gastronok
  5868 | Lair:2   | Killed from afar by Gastronok

Illustrated notes

Levels and vault maps discovered:
D:1:      lightli_arrival_quake, layout_rooms,
          dreamdust_ecumenical_altar_angels_and_demons, minmay_pentomino_p2
D:2:      layout_rooms, minmay_door_square, serial_park_tiny_2
D:3:      layout_loops_ring, chequers_temple_overflow_statue_of_worship,
          slow_altar_1, gammafunk_ghost_arena, minmay_crystal_room, uniq_jessica
D:4:      layout_basic, hangedman_abyss_or_decor_lesser_grid, uniq_ijyb
D:5:      layout_rooms, mainiacjoe_overflow_big_doors, serial_corexii_hall,
          chequers_hall_statues_wall_a, chequers_hall_statues_corner_a,
          uniq_blork_the_orc, uniq_menkaure, uniq_edmund
D:6:      layout_loops_ring, minmay_temple_entry_water_ring
D:7:      layout_rooms, old_standard_altar, mainiacjoe_overflow_paths,
          serial_glass, glass_columns_a, glass_columns_b,
          hangedman_decor_peaks_small, minmay_misc_feat_diagonals
D:8:      layout_loops_ring, vehumet_altar_wand_db, serial_shops, shop,
          nrook_pool_corridor
D:9:      layout_long_grid, kennysheep_mini, gammafunk_ghost_nasty_kobolds,
          hangedman_fish_farm
D:10:     layout_stronghold, zin_statuary, mainiacjoe_overflow_six_doors_small,
          lair_entry_dummy, hangedman_decor_opposing, minmay_shop_chei,
          small_statue_intersection, st_stairs_8
Lair:1:   layout_loops_ring
Lair:2:   gammafunk_lair_enchanted_lake, layout_hall_layers,
          minmay_shoals_entry_beasts, hellmonk_spider_entry_not_the_bees,
          nicolae_volcano_entry_lava_flow, uniq_gastronok

Skill      XL: |  1  2  3  4  5  6  7  8  9 10 11 |
---------------+----------------------------------+-----
Axes           | 4 5 6 7 8 9 10 12 14 | 14.0
Fighting       | 3 4 5 6 9 10 13 | 13.0
Armour         | 2 3 5 6 8 9 10 | 10.0
Invocations    | 4 7 |  7.0
Throwing       | |  2.0
Dodging        | |  3.2

Action                   |  1- 3 |  4- 6 |  7- 9 | 10-12 || total
-------------------------+-------+-------+-------+-------++-------
Melee: War axe           |    80 |    74 |   165 |    67 ||   386
       Headbutt          |    11 |     8 |    23 |    34 ||    76
       Punch             |     1 |     1 |     2 |     2 ||     6
       Battleaxe         |       |       |       |    82 ||    82
 Fire: Hunting sling     |    16 |     9 |       |       ||    25
Throw: Throwing net      |       |     2 |     2 |       ||     4
Invok: Heroism           |       |       |     1 |     1 ||     2
Evoke: Wand              |       |       |     3 |    17 ||    20
  Use: Scroll            |     3 |     7 |     8 |     8 ||    26
       Potion            |       |       |       |     1 ||     1
Armor: Leather armour    |     7 |     9 |    18 |       ||    34
       Ring mail         |    28 |    10 |       |       ||    38
       Plate armour      |       |       |    66 |    95 ||   161
Dodge: Dodged            |    59 |    56 |    77 |    64 ||   256
